 Dungeon Sprint DCSS version 0.31-a0-662-g684573625c (webtiles) character file.

Game seed: 13363855860541679516

262 sircluck the Magician (level 5, -2/35 HPs)
             Began as a Mummy Necromancer on Sept 1, 2023.
             Slain by a slime creature (6 damage)
             ... in the Dungeon (Sprint I: "Red Sonja").
             The game lasted 00:01:12 (149 turns).

sircluck the Magician (Mummy Necromancer)            Turns: 149, Time: 00:01:12

Health: -2/35      AC:  2    Str: 12    XL:     5   Next: 97%
Magic:  12/15      EV: 14    Int: 14    God:
Gold:   162        SH:  0    Dex: 14    Spells: 18/19 levels left

rFire   x . .        c - +2 dagger (venom)
rCold   + . .        (no shield)
rNeg    + + +        a - +0 robe
rPois   ∞            (no helmet)
rElec   .            (no cloak)
rCorr   .            (no gloves)
SInv    .            (no boots)
Will    .....        (no amulet)
Stlth   +++          (no ring)
HPRegen 0.25/turn    (no ring)
MPRegen 0.14/turn

%: no teleportation, faith
@: no status effects
A: cold resistance 1, negative energy resistance 3, torment resistance 2, heat
vulnerability 1, in touch with death 1, no potions, faith
a: no special abilities


You were in the Dungeon.
You visited 1 branch You collected 162 gold pieces.

Inventory:

Hand Weapons
 c - a +2 dagger of venom (weapon)
Armour
 a - a +0 robe (worn)
Wands
 b - a wand of paralysis (9)


   Skills:
 + Level 5.3 Dodging
 + Level 5.8 Stealth
 + Level 7.9 Spellcasting
 + Level 7.4 Necromancy


You had 18 spell levels left.
You knew the following spells:

 Your Spells              Type           Power      Damage    Failure   Level
a - Necrotise             Necr           100%       1d9       1%          1

Your spell library contained the following spells:

 Spells                   Type           Power      Damage    Failure   Level
 Vampiric Draining        Necr           39%        2d8       1%          3
 Animate Dead             Necr           39%        N/A       6%          4
 Agony                    Necr           39%        N/A       17%         5


Dungeon Overview and Level Annotations

Branches:
Dungeon (1/1)

Altars:
Makhleb
Xom
Jiyva
Lugonu


Innate Abilities, Weirdness & Mutations

You are immune to poison.
Your flesh is cold resistant. (rC+)
You are immune to negative energy. (rN+++)
You are immune to unholy pain and torment.
You are vulnerable to heat. (rF-)
You are in touch with the powers of death.
You do not drink.
You have a special connection with the divine. (Faith)


Message History

You hit the slime creature.
The slime creature is poisoned.
The slime creature is moderately wounded.
The slime creature hits you but does no damage.
Casting: Necrotise (safe; 1% risk of failure)
Confirm with . or Enter, or press ? or * to list all spells.
Aiming: Necrotise (safe; 1% risk of failure)
Press: ? - help, Shift-Dir - straight line, f - slime creature
Aim: a slime creature (moderately wounded, very poisoned, chance to affect: 70%)
You feel a surge of power!
The slime creature writhes in agony.
The slime creature hits you.
There is an open door here.
Casting: Necrotise (safe; 1% risk of failure)
Confirm with . or Enter, or press ? or * to list all spells.
Aiming: Necrotise (safe; 1% risk of failure)
Press: ? - help, Shift-Dir - straight line, f/p - slime creature
Aim: a slime creature (heavily wounded, very poisoned, chance to affect: 70%)
You feel a surge of power!
The slime creature struggles to resist.
The slime creature barely misses you.
Casting: Necrotise (safe; 1% risk of failure)
Confirm with . or Enter, or press ? or * to list all spells.
Aiming: Necrotise (safe; 1% risk of failure)
Press: ? - help, Shift-Dir - straight line, f/p - slime creature
Aim: a slime creature (heavily wounded, very poisoned, chance to affect: 70%)
You feel a surge of power!
The slime creature writhes in agony!
The slime creature closely misses you.
Casting: Necrotise (safe; 1% risk of failure)
Confirm with . or Enter, or press ? or * to list all spells.
Aiming: Necrotise (safe; 1% risk of failure)
Press: ? - help, Shift-Dir - straight line, f/p - slime creature
Aim: a slime creature (heavily wounded, poisoned, chance to affect: 70%)
You feel a surge of power!
The slime creature writhes in agony.
The slime creature hits you!
You hit the slime creature.
The slime creature is severely wounded.
The slime creature hits you!
* * * LOW HITPOINT WARNING * * *
You hit the slime creature.
The slime creature is severely wounded.
The slime creature hits you.
You die...

###################
#<.#..)..#.)'..#__#
#..'..#..'..#.@J..+
#..#####'#####+#__#
#[.# #..# #### #..#
#### #..# #⌠⌠# ####


You could see a slime creature (poisoned).

Vanquished Creatures
  Sigmund (D)
  An ogre (D)
  Ijyb (D)
3 creatures vanquished.

Notes
Turn   | Place    | Note
-------+----------+-------------------------------------------
     0 | D        | sircluck the Mummy Necromancer began the quest for the Orb.
     0 | D        | Reached XP level 1. HP: 13/13 MP: 4/4
     2 | D        | Noticed Ijyb
     4 | D        | Paralysed by Ijyb for 4 turns
    15 | D        | Killed Ijyb
    16 | D        | Reached XP level 2. HP: 3/19 MP: 0/7
    85 | D        | Noticed an ogre
    93 | D        | Killed an ogre
    94 | D        | Reached XP level 3. HP: 24/24 MP: 7/10
    94 | D        | Reached XP level 4. HP: 30/30 MP: 8/12
   109 | D        | Noticed Sigmund
   116 | D        | Killed Sigmund
   117 | D        | Reached skill level 5 in Dodging
   117 | D        | Reached skill level 5 in Stealth
   117 | D        | Reached XP level 5. HP: 35/35 MP: 12/15
   137 | D        | Found a burning altar of Makhleb.
   137 | D        | Found a viscous altar of Jiyva.
   137 | D        | Found a shimmering altar of Xom.
   137 | D        | Found a corrupted altar of Lugonu.
   137 | D        | Noticed a slime creature
   149 | D        | Slain by a slime creature

Illustrated notes

Levels and vault maps discovered:
D:        dungeon_sprint_1 [red_sonja_temple_1, red_sonja_temple_small_1]

Skill      XL: |  1  2  3  4 |
---------------+-------------+-----
Dodging        | 2 4 5 |  5.3
Stealth        | 2 4 5 |  5.8
Spellcasting   | 4 6 7 |  7.9
Necromancy     | 6 7 |  7.4

Action                     |  1- 3 |  4- 6 || total
---------------------------+-------+-------++-------
  Melee: Unarmed           |     4 |       ||     4
         Dagger            |     2 |     6 ||     8
   Cast: Necrotise         |     5 |     4 ||     9
  Evoke: Wand              |     2 |       ||     2
    Use: Scroll            |     1 |       ||     1
   Stab: Paralysed         |     3 |       ||     3
         Sleeping          |       |     2 ||     2
 Armour: Robe              |     3 |     6 ||     9
  Dodge: Dodged            |     3 |     4 ||     7

Table legend: (Time is in decaauts)
 A = Elapsed time spent in this place.
 B = Non-inter-level travel time spent in this place.
 C = Inter-level travel time spent in this place.
 D = Time resting spent in this place.
 E = Time spent auto-exploring this place.
 F = Levels seen in this place.
 G = Mean time per level.
                   A        B        C        D        E       F      G
               +--------+--------+--------+--------+--------+-----+--------+
         Total |    148 |    148 |      0 |     50 |      0 |   1 |  148.0 |
       Dungeon |    148 |    148 |      0 |     50 |      0 |   1 |  148.0 |
               +--------+--------+--------+--------+--------+-----+--------+

Top non-repeatable levels by time:
       D: 148 daAuts
